 Dungeon Crawl Stone Soup version 0.17.2-2-g6415ff710d (webtiles) character file.

1581 TrueMihaN the Carver (level 8, -4/70 HPs)
             Began as a Hill Orc Fighter on Mar 4, 2021.
             Was a Priest of Makhleb.
             Slain by a wight
             ... wielding a +3 halberd
              (9 damage)
             ... on level 6 of the Dungeon on Mar 8, 2021.
             The game lasted 00:39:25 (5887 turns).

TrueMihaN the Carver (Hill Orc Fighter)             Turns: 5887, Time: 00:39:25

Health: -4/70      AC:  6    Str: 26    XL:     8   Next: 91%
Magic:  8/8        EV: 10    Int:  8    God:    Makhleb [***...]
Gold:   340        SH:  9    Dex:  8    Spells: 0 memorised, 7 levels left

rFire  + . .     SeeInvis .     a - +0 long sword
rCold  x . .     Clarity  .     G - -2 scale mail (curse)
rNeg   . . .     SustAt   .     c - +0 shield
rPois  .         Gourm    .     j - +0 helmet
rElec  .         Spirit   .     (no cloak)
rCorr  .         Warding  .     (no gloves)
rMut   .         Stasis   .     (no boots)
MR     .....                    C - amulet of faith
Stlth  ..........               x - ring of fire
                                r - +3 ring of evasion

@: mighty, drained, not resistant to hostile enchantments, extremely unstealthy
A: fangs 1, blurry vision 1, clumsy 1
a: Minor Destruction, Lesser Servant of Makhleb, Renounce Religion


You were on level 6 of the Dungeon.
You worshipped Makhleb.
Makhleb was most pleased with you.
You were very hungry.

You visited 2 branches of the dungeon, and saw 7 of its levels.

You collected 340 gold pieces.

Inventory:

Hand Weapons
 a - a +0 long sword (weapon)
 y - a +0 flail
Missiles
 w - 6 tomahawks (quivered)
Armour
 b - a +0 scale mail
 c - a +0 shield (worn)
 j - a +0 helmet (worn)
 F - a +0 chain mail
 G - a cursed -2 scale mail (worn)
Jewellery
 r - a +3 ring of evasion (left hand)
 x - a ring of fire (right hand)
 C - an amulet of faith (around neck)
Wands
 D - a wand of polymorph (3)
 I - a wand of magic darts (22)
Scrolls
 f - 8 scrolls of remove curse {unknown}
 g - 4 scrolls of amnesia {unknown}
 h - a scroll of noise {unknown}
 k - a scroll of random uselessness {unknown}
 n - a scroll of magic mapping {unknown}
 o - 2 scrolls of enchant weapon {unknown}
 q - a scroll of blinking {unknown}
 s - 2 scrolls of fog {unknown}
 t - 6 scrolls of identify {unknown}
 H - 2 scrolls of teleportation {unknown}
 J - a scroll of immolation {unknown}
Potions
 l - a potion of cancellation {unknown}
 p - 5 potions of curing {unknown}
 u - a potion of cure mutation {unknown}
 v - 3 potions of lignification {unknown}
 z - a potion of resistance {unknown}
Comestibles
 e - 7 bread rations
 i - 2 fruits
 m - 2 meat rations
 A - a royal jelly
 B - 3 slices of pizza
 E - a beef jerky


   Skills:
 + Level 6.2(5.5) Fighting
 * Level 10.4(9.7) Long Blades
 + Level 5.0(4.4) Armour
 - Level 3.2(2.6) Shields


You had 7 spell levels left.
You didn't know any spells.

Dungeon Overview and Level Annotations

Branches:
Dungeon (6/15)             Temple (1/1) D:4

Altars:
Ashenzari
Cheibriados
Dithmenos
Elyvilon
Fedhas
Gozag
Kikubaaqudgha
Makhleb
Nemelex Xobeh
Okawaru
Qazlal
Ru
Sif Muna
Trog
Vehumet
Xom
Yredelemnul
Zin
The Shining One


Innate Abilities, Weirdness & Mutations

You have very sharp teeth.
Scrolls take you a little longer to read.
You are clumsy. (Dex -2)


Message History

The wight hits you with an enchanted halberd!
* * * LOW HITPOINT WARNING * * *
The wight hits you but does no damage. The jackal bites you.
* * * LOW HITPOINT WARNING * * *
Things that are here:
an enchanted scimitar; a robe; a jackal corpse Drink which item? (? for menu, Esc to quit)
You feel very mighty all of a sudden.
The jackal bites you but does no damage.
The jackal barely misses you.
The wight hits you with an enchanted halberd.
* * * LOW HITPOINT WARNING * * *
The wight barely misses you.
The jackal bites you but does no damage.
You closely miss the wight. You bite the wight.
The wight is lightly damaged.
You block the jackal's attack. x2
The wight hits you but does no damage.
The wight hits you with an enchanted halberd!
You die...

.# .# .# ##########
##.......#
.#.#####.#########
.#.#####.........######
......##.######h......#
.#.##.##.# #h@####.#
...##..<.# #zz#
##.......# #...
#.####### ..##. #.#
...# .# #.. #.... . ..#
.... ## .....


You could see 2 wights and 2 jackals.

Vanquished Creatures
  Grinder (D:6)
  Sigmund (D:4)
  An ice beast (D:6)
  A sky beast (D:6)
  2 giant frogs (D:6)
  A scorpion (D:6)
  A wight (D:6)
  A crimson imp (D:5)
  A centaur zombie (D:5)
  4 hounds
  An orc priest (D:4)
  2 giant frog skeletons
  A centaur skeleton (D:4)
  4 worker ants
  3 orc wizards
  2 iguanas
  A killer bee zombie (D:5)
  A hound skeleton (D:6)
  3 worker ant zombies (D:5)
  Robin (D:3)
  4 adders
  4 river rats (D:5)
  An adder zombie (D:6)
  An adder skeleton (D:6)
  4 worms
  4 giant geckos
  10 orcs
  8 bats
  6 giant cockroaches
  23 goblins
  11 hobgoblins
  11 jackals
  2 quokkas
  A giant cockroach zombie (D:5)
  3 giant newts
  6 kobolds
  34 rats
166 creatures vanquished.

Notes
Turn   | Place    | Note
--------------------------------------------------------------
     0 | D:1      | TrueMihaN the Hill Orc Fighter began the quest for the Orb.
     0 | D:1      | Reached XP level 1. HP: 19/19 MP: 1/1
   133 | D:1      | Reached XP level 2. HP: 26/26 MP: 2/2
   539 | D:1      | Reached XP level 3. HP: 29/31 MP: 3/3
   996 | D:2      | Reached skill level 4 in Long Blades
  1326 | D:2      | Reached XP level 4. HP: 30/39 MP: 4/4
  1796 | D:3      | Reached skill level 5 in Long Blades
  2306 | D:3      | Noticed Robin
  2317 | D:3      | Killed Robin
  2317 | D:3      | Reached XP level 5. HP: 30/45 MP: 5/5
  2682 | D:3      | Reached skill level 6 in Long Blades
  2816 | D:5      | Entered Level 5 of the Dungeon
  3244 | D:4      | Reached XP level 6. HP: 12/51 MP: 6/6
  3517 | D:4      | Found a staircase to the Ecumenical Temple.
  3553 | Temple   | Entered the Ecumenical Temple
  3752 | Temple   | Became a worshipper of Makhleb the Destroyer
  3974 | D:4      | Noticed Sigmund
  4001 | D:4      | Killed Sigmund
  4001 | D:4      | Reached skill level 7 in Long Blades
  4022 | D:4      | Reached skill level 8 in Long Blades
  4022 | D:4      | Reached XP level 7. HP: 40/57 MP: 7/7
  4515 | D:5      | Reached * piety under Makhleb
  4626 | D:5      | Reached ** piety under Makhleb
  4682 | D:5      | Reached skill level 9 in Long Blades
  4999 | D:5      | Reached XP level 8. HP: 63/67 MP: 8/8
  5019 | D:6      | Noticed Grinder
  5033 | D:6      | Killed Grinder
  5033 | D:6      | Reached skill level 5 in Fighting
  5220 | D:6      | Found a shadowy altar of Dithmenos.
  5227 | D:6      | Found a white marble altar of Elyvilon.
  5232 | D:6      | Found a sparkling altar of Nemelex Xobeh.
  5247 | D:6      | Found a sacrificial altar of Ru.
  5252 | D:6      | Found a glowing golden altar of the Shining One.
  5259 | D:6      | Found a deep blue altar of Sif Muna.
  5264 | D:6      | Found a basalt altar of Yredelemnul.
  5344 | D:6      | Reached *** piety under Makhleb
  5364 | D:6      | Found a shadowy altar of Dithmenos.
  5621 | D:6      | Reached skill level 10 in Long Blades
  5765 | D:6      | Gained mutation: Scrolls take you a little longer to read. [mutagenic meat]
  5766 | D:6      | Gained mutation: You have very sharp teeth. [mutagenic meat]
  5767 | D:6      | Gained mutation: You are clumsy. (Dex -2) [mutagenic meat]
  5808 | D:6      | Reached skill level 5 in Armour
  5887 | D:6      | Slain by a wight

Action                   |  1- 3 |  4- 6 |  7- 9 || total
-------------------------+-------+-------+-------++-------
Melee: Long sword        |   122 |   262 |   351 ||   735
Throw: Tomahawk          |       |     5 |       ||     5
Invok: Minor Destruction |       |       |     5 ||     5
  Use: Potion            |     1 |       |     1 ||     2
  Eat: Chunk             |     2 |     9 |     9 ||    20
